 Dungeon Crawl Stone Soup version 0.29-a0-993-g4a18f31a58 (webtiles) character file.

Game seed: 9124796931594984279

2163 vurker the Cleaver (level 9, -5/85 HPs)
             Began as a Tengu Berserker on Aug 2, 2022.
             Was a Priest of Trog.
             Slain by Joseph
             ... wielding a +0 quarterstaff
              (12 damage)
             ... on level 7 of the Dungeon.
             The game lasted 00:08:01 (7703 turns).

vurker the Cleaver (Tengu Berserker)                Turns: 7703, Time: 00:08:02

Health: -5/85      AC:  6    Str: 21    XL:     9   Next: 32%
Magic:  10/10      EV: 13    Int:  8    God:    Trog [***...]
Gold:   307        SH:  0    Dex: 14    Spells: 8/8 levels left

rFire   + . .      SeeInvis .   a - +3 broad axe (flame)
rCold   . . .      Faith    .   (no shield)
rNeg    . . .      Spirit   .   g - +1 ring mail {rF+}
rPois   .          Reflect  .   (helmet restricted)
rElec   .          Harm     .   (no cloak)
rCorr   .          Rampage  .   (no gloves)
Will    .....                   (boots unavailable)
Stlth   ..........              (no amulet)
HPRegen 0.24/turn               (no ring)
MPRegen 0.12/turn               (no ring)

@: berserking, flying quickly and evasively, very quick
A: beak, talons 3, nimble flight
a: Renounce Religion, Berserk, Trog's Hand


You were on level 7 of the Dungeon.
You worshipped Trog.
Trog was most pleased with you.
You visited 1 branch of the dungeon, and saw 7 of its levels.

You collected 307 gold pieces.

Inventory:

Hand Weapons
 a - a +3 broad axe of flaming (weapon)
   (You acquired it on level 6 of the Dungeon)
Armour
 g - a +1 ring mail of fire resistance (worn)
   (You found it on level 7 of the Dungeon)
Wands
 b - a wand of light (10)
   (You found it on level 3 of the Dungeon)
Scrolls
 d - 4 scrolls of identify
 f - 2 scrolls of fear
 h - a scroll of vulnerability {unknown}
 i - 2 scrolls of teleportation
Potions
 c - 2 potions of might
 e - 2 potions of attraction {unknown}
 j - 6 potions of heal wounds {unknown}
 k - 2 potions of degeneration {unknown}
 n - a potion of mutation {unknown}
 p - a potion of brilliance {unknown}
 r - 3 potions of curing
 u - a potion of ambrosia {unknown}
 v - 2 potions of invisibility {unknown}


   Skills:
 + Level 7.6 Fighting
 * Level 11.2 Axes
 - Level 2.1 Armour
 - Level 2.1 Dodging


You had 8 spell levels left.
You didn't know any spells.
Your spell library was empty.

Dungeon Overview and Level Annotations

Branches:
Dungeon (7/15)             Temple (0/1) D:6

Altars:
Elyvilon
Fedhas
Gozag
Kikubaaqudgha
Zin
The Shining One

Annotations:
D:3 3 runed translucent doors, PeterMcNeter's ghost, amateur OpTm
D:7 Joseph


Innate Abilities, Weirdness & Mutations

You have a beak for a mouth.
You have claws for feet.
Your magical nature lets you fly swiftly and evasively.


Message History

You finish taking off your +0 chain mail.
You start putting on your armour.
You continue putting on your +1 ring mail of fire resistance. x5
You finish putting on your +1 ring mail of fire resistance.
You feel resistant to fire.
You drop a +0 chain mail.
You aren't carrying any pieces of jewellery.
You see here a bullfrog corpse.
Things that are here:
a +0 dagger; a +0 chain mail
Found a scroll of teleportation.
d - 4 scrolls of identify (gained 1)
Things that are here:
a +0 flail; 6 stones
h - a scroll labelled NAWAAPSUZEU
Things that are here:
a +0 club; a +0 longbow of freezing; an orc corpse
Found a stone staircase leading down.
i - 2 scrolls of teleportation (gained 1)
Found 6 gold pieces.
No target in view!
You now have 307 gold pieces (gained 6).
Found a stone staircase leading up.
As you open the door, it creaks loudly!
Found a glowing silver altar of Zin.
Found a blossoming altar of Fedhas.
Joseph, a Mercenary comes into view.
He is wielding a +0 quarterstaff and carrying a wand of iceblast (9).
Joseph shouts!
Joseph zaps a wand.
The mass of ice explodes!
The iceblast engulfs you!
Joseph zaps a wand.
The mass of ice explodes!
The iceblast engulfs you.
Joseph zaps a wand.
The mass of ice explodes!
The iceblast engulfs you!
* * * LOW HITPOINT WARNING * * *
Joseph barely misses you.
A red film seems to cover your vision as you go berserk!
You feel yourself moving faster!
You feel mighty! Joseph hits you with a +0 quarterstaff.
* * * LOW HITPOINT WARNING * * *
You slash Joseph! You burn Joseph! You claw Joseph! You closely miss Joseph.
You claw Joseph! Your peck misses Joseph.
Joseph hits you with a +0 quarterstaff!
* * * LOW HITPOINT WARNING * * *
You closely miss Joseph. Joseph hits you with a +0 quarterstaff!
* * * LOW HITPOINT WARNING * * *
You slash Joseph! You burn Joseph. Your kick misses Joseph. You hit Joseph.
You burn Joseph. Your kick misses Joseph. Your punch misses Joseph.
Joseph hits you with a +0 quarterstaff!
You die...

#.. #.# #.# #.#
#.# #.# #@#
#@################
#.................
#...♣♣♣♣..≈≈≈≈.._.
##................
#################


You could see Joseph.

Vanquished Creatures
  Pikel (D:4)
  Maggie (D:7)
  Menkaure (D:4)
  A black bear (D:6)
  An ogre (D:5)
  2 phantoms
  A necrophage (D:6)
  2 bullfrogs (D:7)
  A scorpion (D:6)
  A howler monkey (D:4)
  5 hounds
  2 orc priests
  A gnoll bouda (D:6)
  3 iguanas
  3 orc wizards
  Robin (D:3)
  6 gnolls
  10 adders
  A river rat (D:4)
  A shadow imp (D:5)
  2 ufetubi (D:6)
  4 worms
  5 dart slugs
  23 orcs
  6 ball pythons
  6 bats
  6 endoplasms
  A giant cockroach (D:1)
  10 goblins
  12 hobgoblins
  8 jackals
  8 kobolds
  3 quokkas
  6 rats
145 creatures vanquished.

Vanquished Creatures (others)
  3 plants (D:4)
3 creatures vanquished.

Grand Total: 148 creatures vanquished

Notes
Turn   | Place    | Note
-------+----------+-------------------------------------------
     0 | D:1      | vurker the Tengu Berserker began the quest for the Orb.
     0 | D:1      | Reached XP level 1. HP: 14/14 MP: 2/2
   235 | D:1      | Reached XP level 2. HP: 12/19 MP: 3/3
   595 | D:1      | Reached skill level 4 in Axes
   695 | D:1      | Reached XP level 3. HP: 23/23 MP: 4/4
  1350 | D:2      | Reached ** piety under Trog
  1699 | D:2      | Reached XP level 4. HP: 28/28 MP: 5/5
  1711 | D:2      | Found a faded altar of an unknown god.
  2418 | D:3      | Reached skill level 5 in Axes
  2845 | D:3      | Found a runed translucent gate.
  2874 | D:3      | Gained mutation: Your magical nature lets you fly swiftly
                  | and evasively. [Tengu growth]
  2874 | D:3      | Reached XP level 5. HP: 7/33 MP: 6/6
  3224 | D:3      | Noticed Robin
  3231 | D:3      | Killed Robin
  3401 | D:3      | Reached *** piety under Trog
  3675 | D:3      | Found a runed translucent gate.
  3676 | D:3      | Found a runed translucent gate.
  3677 | D:3      | Found an opulent altar of Gozag.
  3678 | D:3      | Noticed PeterMcNeter's ghost (amateur OpTm)
  3752 | D:3      | Reached skill level 6 in Axes
  4062 | D:4      | Found a glowing golden altar of the Shining One.
  4111 | D:4      | Noticed Pikel
  4111 | D:4      | Noticed a lemure
  4111 | D:4      | Noticed a lemure
  4111 | D:4      | Noticed a lemure
  4112 | D:4      | Noticed a lemure
  4118 | D:4      | Killed Pikel
  4119 | D:4      | Reached skill level 5 in Fighting
  4119 | D:4      | Reached skill level 7 in Axes
  4119 | D:4      | Reached XP level 6. HP: 40/40 MP: 7/7
  4119 | D:4      | Reached XP level 7. HP: 44/44 MP: 8/8
  4120 | D:4      | Found a glowing drain.
  4130 | D:4      | You are sucked into a shaft and drop 2 floors!
  4374 | D:6      | Reached skill level 8 in Axes
  4665 | D:5      | Entered Level 5 of the Dungeon
  4708 | D:5      | Reached XP level 8. HP: 38/51 MP: 9/9
  5031 | D:4      | Noticed Menkaure
  5055 | D:4      | Killed Menkaure
  5264 | D:4      | Found a white marble altar of Elyvilon.
  5465 | D:4      | Reached skill level 9 in Axes
  6144 | D:5      | Identified the +10 sling of Maakkim {vorpal, rF+ Str+3
                  | Dex-4}
  6469 | D:6      | Identified a scroll of acquirement
  6469 | D:6      | Acquired a +2 broad axe of flaming
  6666 | D:6      | Found an ancient bone altar of Kikubaaqudgha.
  6678 | D:6      | Reached skill level 10 in Axes
  6742 | D:6      | Found a staircase to the Ecumenical Temple.
  6972 | D:6      | Reached XP level 9. HP: 57/57 MP: 10/10
  7324 | D:7      | Noticed Maggie
  7336 | D:7      | Killed Maggie
  7337 | D:7      | Reached skill level 11 in Axes
  7666 | D:7      | Found a glowing silver altar of Zin.
  7675 | D:7      | Found a blossoming altar of Fedhas.
  7694 | D:7      | Noticed Joseph
  7703 | D:7      | Slain by Joseph

Illustrated notes

Levels and vault maps discovered:
D:1:      wander_arrival_estate, layout_loops_ring, kennysheep_pointless_box,
          corexii_leaking_fountain, minivault_19, minmay_misc_feat_iff
D:2:      layout_basic, basic_ecumenical_altar
D:3:      layout_basic, ebering_ghost_gozag, chequers_serial_rivers_room_a,
          minmay_misc_feat_pillars, hex_tiny, amcnicky_mini_pool_small,
          minmay_misc_feat_more_columns, minmay_quadrilaterals, uniq_robin
D:4:      layout_basic, mainiacjoe_overflow_small_starburst,
          nicolae_elyvilon_temple_path, portal_sewer_entry_a, uniq_pikel,
          uniq_menkaure
D:5:      layout_basic, hellmonk_bongcloud_opening, hangedman_decor_points
D:6:      layout_gridville, nicolae_kikubaaqudgha_miasma_corner,
          minmay_temple_entry_sparse_star, kennysheep_generic_room_12
D:7:      layout_basic, kennysheep_mini, mainiacjoe_overflow_boulevard,
          serial_glass, glass_columns_b, glass_columns_b, uniq_joseph,
          uniq_maggie

Skill      XL: |  1  2  3  4  5  6  7  8  9 |
---------------+----------------------------+-----
Axes           | 4 5 7 8 10 11 | 11.2
Fighting       | 4 5 7 |  7.6
Armour         | |  2.1
Dodging        | |  2.1

Action                   |  1- 3 |  4- 6 |  7- 9 || total
-------------------------+-------+-------+-------++-------
Melee: Hand axe          |    78 |    83 |   127 ||   288
       Kick              |    16 |    24 |    51 ||    91
       Peck              |     6 |    13 |    25 ||    44
       Broad axe         |       |       |    38 ||    38
       Punch             |       |       |     2 ||     2
Invok: Berserk           |       |     4 |     6 ||    10
       Trog's Hand       |       |       |     1 ||     1
  Use: Scroll            |       |     1 |    11 ||    12
 Stab: Sleeping          |       |     1 |       ||     1
Armor: Animal skin       |    10 |     6 |       ||    16
       Chain mail        |       |     3 |    68 ||    71
Dodge: Dodged            |    49 |    52 |    56 ||   157

Table legend: (Time is in decaauts)
 A = Elapsed time spent in this place.
 B = Non-inter-level travel time spent in this place.
 C = Inter-level travel time spent in this place.
 D = Time resting spent in this place.
 E = Time spent auto-exploring this place.
 F = Levels seen in this place.
 G = Mean time per level.
                   A        B        C        D        E       F      G
               +--------+--------+--------+--------+--------+-----+--------+
         Total |   7544 |   7388 |    156 |    291 |   6137 |   7 | 1077.7 |
       Dungeon |   7544 |   7388 |    156 |    291 |   6137 |   7 | 1077.7 |
               +--------+--------+--------+--------+--------+-----+--------+

Top non-repeatable levels by time:
     D:2: 1333 daAuts
     D:1: 1312 daAuts
     D:6: 1298 daAuts
     D:3: 1289 daAuts
     D:5: 1065 daAuts
     D:4: 843 daAuts
     D:7: 399 daAuts
